 Dungeon Crawl Stone Soup version 0.22.1-1-ga44c0e5 (webtiles) character file.

7072 whitewolfNL the Cleaver (level 10, -9/84 HPs)
             Began as a Minotaur Berserker on Oct 23, 2018.
             Was an Elder of Trog.
             Mangled by an ettin
             ... wielding a +0 dire flail
              (17 damage)
             ... on level 1 of the Orcish Mines on Oct 24, 2018.
             The game lasted 01:28:50 (14489 turns).

whitewolfNL the Cleaver (Minotaur Berserker)       Turns: 14489, Time: 01:28:51

Health: -9/84      AC: 15    Str: 23    XL:     10   Next: 84%
Magic:  11/11      EV:  9    Int:  5    God:    Trog [****..]
Gold:   689        SH:  0    Dex: 11    Spells: 9/9 levels left

rFire    + . .     SeeInvis .   L - +2 rapier "Nyny" {freeze, *Noise rElec MR++}
rCold    x . .     Gourm    .   (no shield)
rNeg     + . .     Faith    .   R - +0 plate armour
rPois    .         Spirit   .   (helmet restricted)
rElec    +         Reflect  .   (no cloak)
rCorr    .         Harm     .   (no gloves)
MR       ++...                  i - +0 pair of boots
Stlth    ..........             (no amulet)
HPRegen  0.24/turn              B - ring of positive energy
MPRegen  0.12/turn              d - ring of fire

@: no status effects
A: retaliatory headbutt, horns 2
a: Berserk, Trog's Hand, Brothers in Arms, Renounce Religion


You were on level 1 of the Orcish Mines.
You worshipped Trog.
Trog was greatly pleased with you.
You were not hungry.

You visited 2 branches of the dungeon, and saw 10 of its levels.

You collected 689 gold pieces.

Inventory:

Hand Weapons
 j - a +0 short sword of flaming
 q - the +7 shortbow of the Wasteland {freeze, rPois MR+ Dex+4}
   (You found it on level 7 of the Dungeon)

   It causes projectiles fired from it to freeze those they strike, causing
   extra injury to most foes and up to half again as much damage against
   particularly susceptible opponents.
   They can also slow down cold-blooded creatures.
   It affects your dexterity (+4).
   It protects you from poison.
   It affects your resistance to hostile enchantments.
 x - a +0 war axe
 E - a +2 flail of venom
 L - the +2 rapier "Nyny" (weapon) {freeze, *Noise rElec MR++}
   (You found it on level 7 of the Dungeon)

   It has been specially enchanted to freeze those struck by it, causing extra
   injury to most foes and up to half again as much damage against particularly
   susceptible opponents.
   It can also slow down cold-blooded creatures.
   It insulates you from electricity.
   It affects your resistance to hostile enchantments.
   It may make noises in combat.
 Q - a +3 quarterstaff of speed
Missiles
 a - 3 tomahawks of returning
 e - 77 sling bullets
 k - 101 arrows (quivered)
 l - 245 stones
 m - 26 poisoned needles
 o - 2 needles of sleeping
 r - 111 bolts
 A - 4 javelins
Armour
 i - a +0 pair of boots (worn)
 G - a +0 shield
 R - a +0 plate armour (worn)
Magical Staves
 b - an uncursed staff of power {unknown}
Jewellery
 d - a ring of fire (right hand)
 B - a ring of positive energy (left hand)
Wands
 f - a wand of polymorph (3)
 u - a wand of flame (28)
Scrolls
 g - a scroll of brand weapon
 h - a scroll of magic mapping
 n - 2 scrolls of remove curse
 v - 6 scrolls of teleportation
 y - 2 scrolls of immolation
 C - a scroll of amnesia
 F - a scroll of enchant weapon {unknown}
 M - a scroll of fog {unknown}
 O - a scroll of blinking
Potions
 p - a potion of flight {unknown}
 s - 4 potions of curing
 t - 2 potions of invisibility
 w - 3 potions of agility
 z - a potion of mutation
 D - 2 potions of ambrosia
 H - a potion of might {unknown}
 I - a potion of berserk rage {unknown}
 K - a potion of degeneration {unknown}
Comestibles
 c - 2 rations


   Skills:
 + Level 6.6 Fighting
 - Level 3.4 Short Blades
 - Level 10.8(11.1) Axes
 - Level 3.7(7.9) Maces & Flails
   Level 1.0(6.9) Polearms
 * Level 7.6 Bows
 - Level 9.8 Armour
 - Level 5.0 Dodging
 + Level 3.5 Shields
 - Level 3.8 Evocations


You had 9 spell levels left.
You didn't know any spells.
Your spell library contained the following spells:

 Spells                   Type           Power        Failure   Level  Hunger
 Animate Skeleton         Necr           N/A          100%        1    ##.....
 Apportation              Tloc           #.....       100%        1    ##.....
 Confusing Touch          Hex            #.....       100%        1    ##.....
 Corona                   Hex            #......      100%        1    ##.....
 Pain                     Necr           #...         100%        1    ##.....
 Summon Small Mammal      Summ           #...         100%        1    ##.....
 Call Imp                 Summ           #.......     100%        2    ###....
 Ensorcelled Hibernation  Hex/Ice        #.....       100%        2    ###....
 Call Canine Familiar     Summ           #.......     100%        3    ####...
 Confuse                  Hex            #.......     100%        3    ####...
 Dazzling Spray           Conj/Hex       #.....       100%        3    ####...
 Regeneration             Chrm/Necr      #.........   100%        3    ####...
 Summon Guardian Golem    Hex/Summ       #.......     100%        3    ####...
 Tukima's Dance           Hex            #.......     100%        3    ####...
 Vampiric Draining        Necr           #.........   100%        3    ####...
 Animate Dead             Necr           N/A          100%        4    #####..
 Summon Ice Beast         Ice/Summ       #.......     100%        4    #####..
 Summon Lightning Spire   Summ/Air       #.......     100%        4    #####..


Dungeon Overview and Level Annotations

Branches:
Dungeon (9/15)             Temple (0/1) D:5             Orc (1/2) D:9
   Lair: D:8-11

Altars:
Dithmenos
Gozag
Kikubaaqudgha
Trog
Yredelemnul

Shops:
D:4 *


Innate Abilities, Weirdness & Mutations

You reflexively headbutt those who attack you in melee.
You have a pair of horns on your head.


Message History

[Y]es or [N]o only, please.
Keep equipping yourself?
You start putting on your armour.
You continue putting on your +0 shield. x2
The orc wizard hits you but does no damage.
The ettin barely misses you. The ettin hits you with a dire flail!!
The orc hits you but does no damage.
You continue putting on your +0 shield.
The ogre misses you. The orc wizard closely misses you.
The ettin hits you with a dire flail!! x2
* * * LOW HITPOINT WARNING * * *
The orc completely misses you.
You continue putting on your +0 shield.
The orc hits you but does no damage.
The orc wizard hits you but does no damage.
The orc hits you with a club.
* * * LOW HITPOINT WARNING * * *
The orc wizard mumbles some strange words.
The orc wizard seems to speed up.
The ogre hits you but does no damage. The ettin hits you with a dire flail!
You die...

.)..#### ....
$.#. #
......... #.
#..#..... ##.
......... #...
#........
..#...#.O.....#
.....Oo@C.....#
.#....ooo.....#
#......oo....#.
##......o......
...$...........
..........$....
...............
#...#..........


You could see an ettin, an orc warrior, 2 ogres, 2 orc wizards and 4 orcs.

Vanquished Creatures
  A centaur warrior (D:9)
  A centaur zombie (D:8)
  The ghost of IjonTichy1 the Shooter, a novice TeHu of Vehumet (D:6)
  Joseph (D:9)
  A tengu conjurer (D:9)
  Prince Ribbit (D:9)
  A hippogriff (D:9)
  A spriggan (D:7)
  3 hungry ghosts
  An acid dragon (D:6)
  2 orc warriors
  An ice beast (D:7)
  3 black bears
  2 sky beasts
  3 phantoms
  3 centaurs
  7 ogres
  A crocodile (D:8)
  2 big kobolds (D:9)
  5 bullfrogs
  A water moccasin zombie (D:4)
  A killer bee (D:6)
  An electric eel (D:8)
  2 howler monkeys
  3 crimson imps
  2 quasits
  3 hounds
  3 jellies
  A bullfrog skeleton (D:4)
  4 orc priests
  14 orc wizards
  3 centaur skeletons
  Natasha (thrice) (D:2)
  3 iguanas
  9 worker ants
  A hound zombie (D:5)
  8 adders
  5 shadow imps
  A white imp (D:6)
  An adder zombie (D:6)
  3 adder skeletons
  2 worms
  8 dart slugs
  4 leopard geckos
  36 orcs
  9 bats
  6 giant cockroaches
  15 hobgoblins
  6 jackals
  7 kobolds
  7 quokkas
  A ball python (D:1)
  2 frilled lizards
  A giant cockroach zombie (D:6)
  10 goblins
  2 jackal skeletons
  2 rats
  2 bushes (D:4)
  A butterfly (D:8)
234 creatures vanquished.

Vanquished Creatures (others)
  A plant (D:4)
1 creature vanquished.

Grand Total: 235 creatures vanquished

Notes
Turn   | Place    | Note
-------+----------+-------------------------------------------
     0 | D:1      | whitewolfNL the Minotaur Berserker began the quest for the
                  | Orb.
     0 | D:1      | Reached XP level 1. HP: 19/19 MP: 0/0
    90 | D:1      | Reached XP level 2. HP: 21/27 MP: 1/1
   423 | D:1      | Reached skill level 4 in Axes
   989 | D:1      | Reached XP level 3. HP: 31/33 MP: 2/2
  1031 | D:1      | Reached ** piety under Trog
  1065 | D:1      | You fall through a shaft!
  1069 | D:2      | Noticed Natasha
  1077 | D:2      | Killed Natasha
  1077 | D:2      | Reached XP level 4. HP: 41/41 MP: 3/3
  1168 | D:2      | Noticed Natasha
  1182 | D:2      | Killed Natasha
  1625 | D:2      | Reached skill level 5 in Axes
  1956 | D:2      | Noticed Natasha
  1970 | D:2      | Killed Natasha
  2342 | D:2      | Found a basalt altar of Yredelemnul.
  3345 | D:3      | Reached XP level 5. HP: 47/47 MP: 4/4
  3621 | D:3      | Found an ancient bone altar of Kikubaaqudgha.
  4076 | D:3      | Reached skill level 1 in Short Blades
  4567 | D:4      | Noticed an ogre
  4573 | D:4      | Killed an ogre
  4573 | D:4      | Reached skill level 5 in Armour
  4573 | D:4      | Reached XP level 6. HP: 33/55 MP: 5/5
  4835 | D:4      | Reached skill level 5 in Fighting
  4863 | D:4      | HP: 1/56 [ogre/giant club (15)]
  4864 | D:4      | Reached skill level 1 in Evocations
  5259 | D:4      | Found an opulent altar of Gozag.
  5330 | D:4      | Reached skill level 6 in Axes
  5335 | D:4      | Reached XP level 7. HP: 61/61 MP: 5/7
  5445 | D:4      | Reached skill level 7 in Axes
  5809 | D:4      | Found Paagadonk's Assorted Antiques.
  6628 | D:5      | Entered Level 5 of the Dungeon
  6718 | D:5      | Reached XP level 8. HP: 69/69 MP: 8/8
  6718 | D:5      | Reached *** piety under Trog
  6721 | D:5      | Reached skill level 8 in Axes
  7206 | D:5      | Found a staircase to the Ecumenical Temple.
  7392 | D:5      | Reached skill level 9 in Axes
  8114 | D:6      | Reached skill level 10 in Axes
  8176 | D:6      | Reached XP level 9. HP: 66/75 MP: 10/10
  8406 | D:6      | Noticed IjonTichy1's ghost (novice TeHu)
  9043 | D:6      | Found a runed gate.
  9067 | D:6      | Found a runed gate.
  9068 | D:6      | Found a runed gate.
  9394 | D:6      | Killed IjonTichy1's ghost
 10195 | D:7      | Reached skill level 1 in Maces & Flails
 10294 | D:7      | Got an ivory shortbow
 10394 | D:7      | Identified the +7 shortbow of the Wasteland {freeze, rPois
                  | MR+ Dex+4} (You found it on level 7 of the Dungeon)
 10548 | D:7      | Got an ichor-stained rapier
 10643 | D:7      | Identified the +2 rapier "Nyny" {freeze, *Noise rElec MR++}
                  | (You found it on level 7 of the Dungeon)
 11157 | D:8      | Paralysed by fainting for 6 turns
 11195 | D:8      | Reached **** piety under Trog
 11579 | D:8      | Reached skill level 1 in Polearms
 11579 | D:8      | Reached skill level 1 in Shields
 11867 | D:8      | Reached XP level 10. HP: 73/84 MP: 11/11
 11902 | D:8      | Found a bloodstained altar of Trog.
 12060 | D:8      | Found a shadowy altar of Dithmenos.
 12322 | D:9      | Noticed a centaur warrior
 12329 | D:9      | Noticed Joseph
 12359 | D:9      | Killed a centaur warrior
 12359 | D:9      | Reached skill level 5 in Bows
 12635 | D:9      | Killed Joseph
 12729 | D:9      | Reached skill level 5 in Dodging
 12834 | D:9      | Found a staircase to the Orcish Mines.
 13097 | D:9      | Noticed Prince Ribbit
 13120 | D:9      | Killed Prince Ribbit
 14483 | Orc:1    | Entered Level 1 of the Orcish Mines
 14483 | Orc:1    | Noticed an ettin
 14489 | Orc:1    | Mangled by an ettin

Skill      XL: |  1  2  3  4  5  6  7  8  9 10 |
---------------+-------------------------------+-----
Fighting       | 4 5 6 |  6.6
Axes           | 4 5 6 7 10 | 10.8
Armour         | 3 5 6 8 9 |  9.8
Short Blades   | 1 3 |  3.4
Evocations     | 1 2 3 |  3.8
Maces & Flails | 3 |  3.7
Bows           | 4 7 |  7.6
Polearms       | 1 |  1.0
Shields        | 1 3 |  3.5
Dodging        | 3 5 |  5.0

Action                   |  1- 3 |  4- 6 |  7- 9 | 10-12 || total
-------------------------+-------+-------+-------+-------++-------
Melee: Hand axe          |    47 |    23 |       |       ||    70
       Headbutt          |    11 |    29 |    68 |    24 ||   132
       Club              |    28 |    16 |       |       ||    44
       Short sword       |       |    45 |       |    60 ||   105
       War axe           |       |    49 |   253 |       ||   302
       Flail             |       |       |    69 |     5 ||    74
       Trident           |       |       |    24 |       ||    24
       Rapier            |       |       |       |    77 ||    77
 Fire: Shortbow          |       |       |    21 |    55 ||    76
Throw: Stone             |       |       |     3 |       ||     3
Invok: Berserk           |     2 |     5 |    15 |     4 ||    26
Evoke: Wand              |       |     5 |     4 |       ||     9
  Use: Scroll            |       |     2 |    13 |     4 ||    19
       Potion            |       |       |     2 |     4 ||     6
  Eat: Chunk             |     1 |    10 |    13 |     7 ||    31
       Ration            |       |     3 |     7 |     4 ||    14
Armor: Animal skin       |     3 |       |       |       ||     3
       Chain mail        |    44 |    16 |       |       ||    60
       Robe              |     4 |     2 |       |       ||     6
       Plate armour      |       |    47 |   191 |   111 ||   349
Dodge: Dodged            |    37 |    58 |   105 |    69 ||   269
Block: Shield            |       |       |    12 |    19 ||    31
